 Dungeon Crawl Stone Soup version 0.29-a0-1043-g569b05d6ff (webtiles) character file.

Game seed: 17139489063494180368

63 SensoryNuts the Trooper (level 3, -13/30 HPs)
             Began as a Demonspawn Fighter on Aug 15, 2022.
             Was a Plaything of Xom.
             Mangled by a gnoll
             ... wielding a +0 halberd
              (15 damage)
             ... on level 3 of the Dungeon.
             The game lasted 00:02:34 (1736 turns).

SensoryNuts the Trooper (Demonspawn Fighter)        Turns: 1736, Time: 00:02:36

Health: -13/30     AC:  6    Str: 18    XL:     3   Next: 89%
Magic:  3/3        EV:  5    Int:  9    God:    Xom [*.....]
Gold:   128        SH: 14    Dex: 12    Spells: 2/2 levels left

rFire   . . .      SeeInvis .   a - +0 long sword
rCold   . . .      Faith    .   m - +2 tower shield
rNeg    . . .      Spirit   .   b - +0 scale mail
rPois   +          Reflect  .   (no helmet)
rElec   .          Harm     .   (no cloak)
rCorr   .          Rampage  .   (no gloves)
Will    .....                   (no boots)
Stlth   ..........              (no amulet)
HPRegen 0.10/turn               o - ring of poison resistance
MPRegen 0.08/turn               (no ring)

@: no status effects
A: hooves 1, ignite blood 1
a: Renounce Religion


You were on level 3 of the Dungeon.
You worshipped Xom.
You were a special plaything of Xom.
You visited 1 branch of the dungeon, and saw 3 of its levels.

You collected 128 gold pieces.

Inventory:

Hand Weapons
 a - a +0 long sword (weapon)
Armour
 b - a +0 scale mail (worn)
 c - a +0 buckler
 m - a +2 tower shield (worn)
Jewellery
 o - a ring of poison resistance (left hand)
Scrolls
 g - 3 scrolls of poison {unknown}
 i - 2 scrolls of teleportation {unknown}
 j - 5 scrolls of identify {unknown}
 l - a scroll of noise {unknown}
 n - a scroll of fear {unknown}
 p - 2 scrolls of brand weapon {unknown}
 t - a scroll of amnesia {unknown}
 u - a scroll of fog {unknown}
Potions
 d - 3 potions of might
 e - a potion of lignification {unknown}
 f - 2 potions of heal wounds {unknown}
 h - 3 potions of curing {unknown}
 k - 2 potions of attraction {unknown}
 q - 2 potions of ambrosia {unknown}
 r - 2 potions of mutation {unknown}
 s - a potion of haste {unknown}


   Skills:
 + Level 3.7 Fighting
 + Level 2.5 Long Blades
 + Level 3.1 Armour
 + Level 0.1 Dodging
 + Level 2.9 Shields


You had 2 spell levels left.
You didn't know any spells.
Your spell library was empty.

Dungeon Overview and Level Annotations

Branches:
Dungeon (3/15)

Altars:
Kikubaaqudgha
Qazlal
Xom


Innate Abilities, Weirdness & Mutations

You have large cloven feet.
Your demonic aura sometimes causes spilled blood to erupt in flames.


Message History

No target in view! "Let's go for a ride!"
Your surroundings suddenly seem different.
An orc comes into view. It is wielding a +0 dagger.
Your surroundings suddenly seem different.
Your surroundings suddenly seem different.
An endoplasm comes into view.
Found an escape hatch in the floor.
Your surroundings suddenly seem different. 4 gnolls come into view.
Found 11 gold pieces.
The orc moves out of view.
The endoplasm moves out of view.
The gnoll shouts! x3
The gnoll attacks as you move away! You block the gnoll's attack.
The gnoll attacks as you move away! The gnoll hits you with a +0 flail.
There is an open door here.
You closely miss the gnoll. Your kick misses the gnoll.
You block the gnoll's attack. The gnoll hits you with a +0 flail.
You hit the gnoll. You kick the gnoll.
The gnoll is moderately wounded.
You block the gnoll's attack.
The gnoll hits you from afar with a +0 halberd!
You slash the gnoll!
You kill the gnoll!
You block the gnoll's attack.
The gnoll hits you from afar with a +0 halberd.
* * * LOW HITPOINT WARNING * * *
The gnoll barely misses you. You block the gnoll's attack.
The gnoll drinks a potion.
The gnoll goes berserk!
There is an open door, spattered with blood here.
Things that are here:
a +0 flail; a gnoll corpse You hit the gnoll.
Your kick misses the gnoll.
The gnoll is moderately wounded.
You block the gnoll's attack. x2; The gnoll hits you with a +0 flail.
* * * LOW HITPOINT WARNING * * *
The gnoll hits you with a +0 halberd!
Ouch! That really hurt!
You die...
Xom titters!

##.....##
##.......##
#.........#
+.........+
#.$.......#
##.......##
##.....##
##ggg##
##@## #.#
#.# #.# ...
... .....
.#.## ..#.#


You could see 3 gnolls.

Vanquished Creatures
  2 gnolls
  2 dart slugs
  5 orcs (D:2)
  3 endoplasms
  2 giant cockroaches (D:1)
  A hobgoblin (D:2)
  3 quokkas
  3 ball pythons
  4 bats
  2 frilled lizards
  3 goblins
  2 kobolds
  3 rats (D:1)
35 creatures vanquished.

Notes
Turn   | Place    | Note
-------+----------+-------------------------------------------
     0 | D:1      | SensoryNuts the Demonspawn Fighter began the quest for the
                  | Orb.
     0 | D:1      | Reached XP level 1. HP: 18/18 MP: 1/1
   160 | D:1      | Gained mutation: Your demonic aura sometimes causes spilled
                  | blood to erupt in flames. [demonic ancestry]
   160 | D:1      | Reached XP level 2. HP: 16/24 MP: 2/2
   288 | D:1      | Found a faded altar of an unknown god.
   652 | D:1      | Prayed at the altar of an unknown god.
   652 | D:1      | Became a worshipper of Xom of Chaos
   720 | D:2      | Found an ancient bone altar of Kikubaaqudgha.
   747 | D:2      | Gained mutation: You have large cloven feet. [demonic
                  | ancestry]
   747 | D:2      | Reached XP level 3. HP: 24/30 MP: 3/3
  1058 | D:2      | XOM: silly message
  1094 | D:2      | XOM: smoke on damage
  1654 | D:3      | XOM: summons 2 hostile shadow creatures
  1676 | D:3      | Found a stormy altar of Qazlal.
  1725 | D:3      | XOM: 4-stop teleportation journey
  1736 | D:3      | Mangled by a gnoll

Illustrated notes

Levels and vault maps discovered:
D:1:      spicycebolla_arrival_risky_transporter, layout_rooms,
          hellmonk_ecumenical_altar_slurped_away
D:2:      layout_loops_ring, basic_altar, serial_bayou_pond_d,
          minmay_misc_feat_nine_boxes, ebering_dispersal_statue_hall
D:3:      layout_loops_corners, lemuel_crystal_altar, serial_forest,
          infiniplex_forest_zigzag_1, infiniplex_forest_clump_diagonal,
          infiniplex_forest_clump_tiny, infiniplex_forest_corner_2,
          infiniplex_forest_clump_double, infiniplex_forest_clump_curved,
          infiniplex_forest_lined_2, infiniplex_forest_lined_room_,
          infiniplex_forest_diagonal, kennysheep_generic_room_14

Skill      XL: |  1  2  3 |
---------------+----------+-----
Long Blades    | 2 |  2.5
Armour         | 3 |  3.1
Fighting       | |  3.7
Dodging        | |  0.1
Shields        | |  2.9

Action                   || total
-------------------------++-------
Melee: Long sword        ||    96
       Kick              ||    13
Armor: Scale mail        ||    51
Dodge: Dodged            ||    21
Block: Buckler           ||     1
       Tower shield      ||    62

Table legend: (Time is in decaauts)
 A = Elapsed time spent in this place.
 B = Non-inter-level travel time spent in this place.
 C = Inter-level travel time spent in this place.
 D = Time resting spent in this place.
 E = Time spent auto-exploring this place.
 F = Levels seen in this place.
 G = Mean time per level.
                   A        B        C        D        E       F      G
               +--------+--------+--------+--------+--------+-----+--------+
         Total |   1793 |   1659 |    134 |      0 |   1291 |   3 |  597.7 |
       Dungeon |   1793 |   1659 |    134 |      0 |   1291 |   3 |  597.7 |
               +--------+--------+--------+--------+--------+-----+--------+

Top non-repeatable levels by time:
     D:2: 824 daAuts
     D:1: 732 daAuts
     D:3: 236 daAuts
